 Dungeon Crawl Stone Soup version 0.27-a0-1186-g8b4daa1eef (console) character file.

Game seed: 12701267880847017389

37742 jejorda2 the Impaler (level 13, -10/151 HPs)
             Began as a Merfolk Berserker on May 19, 2021.
             Was a High Priest of Trog.
             Mangled by a komodo dragon (18 damage)
             ... on level 5 of the Lair of Beasts.
             The game lasted 00:40:28 (20034 turns).

jejorda2 the Impaler (Merfolk Berserker)           Turns: 20034, Time: 00:40:30

Health: -10/151    AC: 20    Str: 25    XL:     13   Next: 98%
Magic:  13/13      EV: 15    Int:  7    God:    Trog [*****.]
Gold:   1124       SH:  0    Dex: 14    Spells: 12/12 levels left

rFire    + . .     SeeInvis .   a - +10 glaive {vorpal, Str+4}
rCold    + . .     Faith    +   (shield currently unavailable)
rNeg     . . .     Spirit   .   y - +0 plate armour
rPois    .         Reflect  .   J - +0 helmet
rElec    .         Harm     .   A - scarf {rC+ rF+}
rCorr    .         Rampage  .   n - +2 pair of gloves
Will     +....                  m - +0 pair of boots
Stlth    ..........             C - amulet of faith
HPRegen  0.35/turn              e - ring of willpower
MPRegen  0.13/turn              E - +4 ring of evasion

@: berserking, lethally poisoned (-10 -> -20), very quick
A: (nimble swimmer 2), mertail
a: Renounce Religion, Berserk, Trog's Hand, Brothers in Arms


You were on level 5 of the Lair of Beasts.
You worshipped Trog.
Trog was extremely pleased with you.
You visited 2 branches of the dungeon, and saw 16 of its levels.

You collected 1124 gold pieces.

Inventory:

Hand Weapons
 a - the +10 glaive of the Extremely Mad (weapon) {vorpal, Str+4}
   (Trog gifted it to you on level 4 of the Lair of Beasts)

   It inflicts extra damage upon your enemies.
   It affects your strength (+4).
 b - a +5 demon trident
 w - a +1 antimagic glaive
Missiles
 g - 46 boomerangs (quivered)
 i - a curare-tipped dart
 q - 7 throwing nets
 s - 68 poisoned darts
 t - 17 javelins
Armour
 m - a +0 pair of boots (worn)
 n - a +2 pair of gloves (worn)
 p - a +1 cloak
 y - a +0 plate armour (worn)
 A - a scarf of resistance (worn)
 J - a +0 helmet (worn)
 K - a +0 scale mail of fire resistance
Jewellery
 e - a ring of willpower (left hand)
 o - a ring of resist corrosion
 C - an amulet of faith (around neck)
 E - a +4 ring of evasion (right hand)
 F - a ring of ice
 N - a ring of see invisible
Wands
 r - a wand of iceblast (31)
 v - a wand of polymorph (33)
 x - a wand of flame (24)
 M - a wand of charming (6)
Scrolls
 c - 3 scrolls of identify
 f - 5 scrolls of teleportation
 B - 3 scrolls of enchant armour
 D - a scroll of fear
 L - a scroll of fog
Potions
 d - a potion of resistance
 h - 7 potions of heal wounds
 j - a potion of mutation
 k - 5 potions of curing
 l - 3 potions of might
 u - 3 potions of haste
 z - 4 potions of attraction
 H - 3 potions of flight
 I - a potion of berserk rage
 O - a potion of ambrosia
Miscellaneous
 G - a condenser vane


   Skills:
 + Level 9.5 Fighting
 - Level 20.0 Polearms
 - Level 6.0 Throwing
 * Level 9.5 Armour
 - Level 10.0 Dodging
 - Level 6.0 Evocations


You had 12 spell levels left.
You didn't know any spells.
Your spell library was empty.

Dungeon Overview and Level Annotations

Branches:
Dungeon (10/15)            Temple (0/1) D:5            Lair (6/6) D:8
  Swamp (0/4) Lair:3        Snake (0/4) Lair:3        Slime (0/5) Lair:6
    Orc (0/2) D:9

Altars:
Dithmenos
Elyvilon
Gozag
Vehumet
Yredelemnul
The Shining One
Jiyva

Shops:
D:10 (

Annotations:
D:5 3 runed translucent doors, bande's ghost, amateur GrFi
Lair:6 1 runed translucent door


Innate Abilities, Weirdness & Mutations

((You are quick and stealthy near water. (Stealth+, EV+, Speed+++)))
Your lower body shifts to a powerful aquatic tail in water.


Message History

* * * LOW HITPOINT WARNING * * *
The komodo dragon hisses menacingly.
The elephant tramples you but does no damage.
The elephant trunk-slaps you but does no damage.
Your plate armour prevents you from hitting the black mamba.
The black mamba is almost dead.
You feel sick.
The cane toad stings you but does no damage.
The black mamba closely misses you.
You slice the black mamba!!
You kill the black mamba!
Trog accepts your kill. Something appears at your feet!
You see here a +3 vorpal glaive.
Trog grants you a weapon! The komodo dragon misses you.
The catoblepas gores you but does no damage.
You slice the black mamba!!
The black mamba is severely wounded.
You feel sick.
The black mamba bites you but does no damage.
The elephant tramples you but does no damage.
The elephant trunk-slaps you but does no damage.
The cane toad stings you!
* * * LOW HITPOINT WARNING * * *
You are lethally poisoned!
The cane toad poisons you!
You slice the cane toad!!
The cane toad is almost dead.
* * * LOW HITPOINT WARNING * * *
You feel sick.
The black mamba bites you but does no damage.
Unknown command.
You are too berserk!
You slash the cane toad!
You feel the power of Trog in you as your rage grows.
You kill the cane toad!
Trog accepts your kill.
* * * LOW HITPOINT WARNING * * *
You feel sick. The komodo dragon bites you!!
You die...

P......#.............#.##.#.....#
..P.....#....#............#......
.##.........#........P..........#
#........PP.............P.......#
.#......PPP.##.........+#........
.......PP........................
.................................
...............l.................
..............YY@......÷÷÷.......
...............SY.......>........
..............÷..................
..#....#..P#..#P.....#.#.#P......
###....#####.##......##..P.......
##....####.#.###......#..........
##P....##....###.....##..........
###...##......#.......#....#.....
# #...##.....###......P...#......


You could see a catoblepas, 2 elephants, a komodo dragon and a black mamba.

Vanquished Creatures
  Harold (D:7)
  5 hydras
  4 death yaks (Lair:5)
  Urug (D:10)
  6 elephants (Lair:2)
  Maurice (D:8)
  7 black mambas
  An ice statue (Lair:4)
  7 cane toads
  2 rime drakes (Lair:5)
  A freezing wraith (Lair:4)
  10 komodo dragons
  2 trolls
  5 polar bears
  A tyrant leech (Lair:3)
  7 blink frogs
  5 dream sheep (Lair:4)
  Sigmund (D:4)
  3 wyverns (Lair:4)
  44 yaks
  3 steam dragons
  A basilisk (Lair:5)
  5 nagas (Lair:3)
  7 water moccasins
  2 orc warriors (D:10)
  10 ice beasts
  5 sky beasts
  3 necrophages
  A black bear (D:5)
  9 wolves
  2 centaurs
  2 ogres
  4 kobold brigands
  2 phantoms (D:5)
  13 bullfrogs
  A gnoll sergeant (D:9)
  3 scorpions
  A water moccasin zombie (D:7)
  15 killer bees
  3 wights (D:7)
  A howler monkey (D:4)
  5 centaur zombies
  8 hounds
  2 jellies
  6 orc priests
  Crazy Yiuf (D:7)
  2 bullfrog skeletons
  A gnoll shaman (D:4)
  5 iguanas
  17 orc wizards
  A killer bee zombie (D:8)
  A hound skeleton (D:4)
  2 howler monkey zombies
  36 gnolls
  A howler monkey skeleton (D:5)
  6 adders
  A shadow imp (D:8)
  A white imp (D:5)
  An ufetubus (D:4)
  An adder skeleton (D:4)
  5 worms
  3 dart slugs
  64 orcs
  5 ball pythons
  8 endoplasms
  7 giant cockroaches
  7 goblins
  4 hobgoblins
  24 jackals
  3 quokkas (D:1)
  5 bats
  5 frilled lizards
  24 kobolds
  3 rats
472 creatures vanquished.

Vanquished Creatures (collateral kills)
  A cyclops (D:9)
  An orc warrior (D:9)
  An orc (D:9)
3 creatures vanquished.

Vanquished Creatures (others)
  An orc wizard (D:8)
  A gnoll (D:4)
  An orc (D:4)
  4 jackals (D:5)
  27 fungi
  47 plants
  2 toadstools (D:1)
83 creatures vanquished.

Grand Total: 558 creatures vanquished

Notes
Turn   | Place    | Note
-------+----------+-------------------------------------------
     0 | D:1      | jejorda2 the Merfolk Berserker began the quest for the Orb.
     0 | D:1      | Reached XP level 1. HP: 18/18 MP: 1/1
    65 | D:1      | Reached skill level 5 in Polearms
    65 | D:1      | Reached XP level 2. HP: 24/24 MP: 2/2
   222 | D:1      | Reached XP level 3. HP: 14/29 MP: 3/3
   581 | D:1      | Reached ** piety under Trog
   646 | D:1      | Found a faded altar of an unknown god.
  1007 | D:2      | Reached XP level 4. HP: 37/37 MP: 4/4
  1157 | D:2      | Reached skill level 6 in Polearms
  2344 | D:3      | Noticed an ice beast
  2362 | D:3      | Killed an ice beast
  2363 | D:3      | Reached skill level 7 in Polearms
  2363 | D:3      | Reached XP level 5. HP: 43/43 MP: 5/5
  2503 | D:3      | Reached XP level 6. HP: 49/49 MP: 6/6
  3374 | D:4      | Reached skill level 8 in Polearms
  3447 | D:3      | Reached skill level 5 in Fighting
  3447 | D:3      | Reached XP level 7. HP: 50/56 MP: 7/7
  3916 | D:4      | Reached *** piety under Trog
  3972 | D:4      | Reached skill level 9 in Polearms
  4315 | D:4      | Noticed a steam dragon
  4326 | D:3      | Killed a steam dragon
  4327 | D:3      | Reached skill level 10 in Polearms
  4327 | D:3      | Reached XP level 8. HP: 42/64 MP: 8/8
  5159 | D:4      | Reached skill level 11 in Polearms
  5220 | D:4      | Reached **** piety under Trog
  5765 | D:5      | Entered Level 5 of the Dungeon
  5765 | D:5      | Noticed Sigmund
  5773 | D:4      | Killed Sigmund
  5966 | D:5      | Reached skill level 12 in Polearms
  6019 | D:5      | Reached XP level 9. HP: 69/69 MP: 9/9
  6299 | D:5      | Found a runed translucent gate.
  6299 | D:5      | Found a runed translucent gate.
  6299 | D:5      | Found a runed translucent gate.
  6300 | D:5      | Noticed bande's ghost (amateur GrFi)
  6397 | D:5      | Reached skill level 1 in Throwing
  6516 | D:5      | Found a glowing golden altar of the Shining One.
  6676 | D:5      | Reached skill level 13 in Polearms
  6691 | D:5      | Reached skill level 5 in Armour
  6751 | D:5      | Found a staircase to the Ecumenical Temple.
  7318 | D:6      | Found a basalt altar of Yredelemnul.
  7373 | D:6      | Found a white marble altar of Elyvilon.
  7376 | D:6      | Identified the +7 quarterstaff "Xirif" {venom, Contam rC++
                  | Dex+3}
  7432 | D:6      | Found a radiant altar of Vehumet.
  7448 | D:6      | Found an opulent altar of Gozag.
  7750 | D:6      | Reached ***** piety under Trog
  8169 | D:7      | Noticed a troll
  8173 | D:7      | Reached skill level 14 in Polearms
  8184 | D:7      | Killed a troll
  8185 | D:7      | Reached XP level 10. HP: 76/76 MP: 10/10
  8274 | D:7      | Noticed Harold
  8343 | D:7      | Killed Harold
  8702 | D:7      | Reached skill level 15 in Polearms
  9224 | D:7      | Found a runed translucent door.
  9225 | D:7      | Noticed Crazy Yiuf
  9644 | D:7      | Killed Crazy Yiuf
  9645 | D:7      | Reached skill level 5 in Throwing
 10137 | D:8      | Noticed Maurice
 10147 | D:8      | Killed Maurice
 10148 | D:8      | Reached skill level 16 in Polearms
 10148 | D:8      | Reached skill level 1 in Evocations
 10224 | D:8      | Reached XP level 11. HP: 78/81 MP: 11/11
 10784 | D:8      | Found a staircase to the Lair.
 10955 | D:9      | Received a gift from Trog
 10984 | D:9      | Found a staircase to the Orcish Mines.
 11097 | D:9      | Reached skill level 5 in Dodging
 11347 | D:9      | Reached skill level 17 in Polearms
 11624 | D:9      | Noticed a cyclops
 11635 | D:9      | Killed a cyclops
 11925 | D:9      | Found a shadowy altar of Dithmenos.
 12223 | D:10     | Entered Level 10 of the Dungeon
 12341 | D:10     | Found Vavefatt's Antique Weapon Shoppe.
 12623 | D:10     | Noticed Urug
 12631 | D:10     | Killed Urug
 13139 | Lair:1   | Entered Level 1 of the Lair of Beasts
 13351 | Lair:1   | Reached skill level 18 in Polearms
 13362 | Lair:1   | Reached skill level 5 in Evocations
 14356 | Lair:2   | You fall into a shaft and drop 2 floors!
 14372 | Lair:4   | Noticed a seven-headed hydra
 14380 | Lair:4   | Killed a seven-headed hydra
 14381 | Lair:4   | Reached XP level 12. HP: 73/88 MP: 12/12
 14392 | Lair:4   | Identified the +10 glaive of the Extremely Mad {vorpal,
                  | Str+4} (Trog gifted it to you on level 4 of the Lair of
                  | Beasts)
 14392 | Lair:4   | Received a gift from Trog
 15138 | Lair:4   | Reached skill level 19 in Polearms
 15409 | Lair:3   | Found a staircase to the Snake Pit.
 15577 | Lair:3   | Reached skill level 20 in Polearms
 16284 | Lair:2   | Reached XP level 13. HP: 59/96 MP: 13/13
 17304 | Lair:3   | Found a staircase to the Swamp.
 18437 | Lair:4   | Found the +9 sword of Zonguldrok {reap}
 19499 | Lair:5   | Reached skill level 10 in Dodging
 19695 | Lair:6   | Entered Level 6 of the Lair of Beasts
 19756 | Lair:6   | Found a runed translucent door.
 19756 | Lair:6   | Found a viscous altar of Jiyva.
 19756 | Lair:6   | Found a staircase to the Slime Pits.
 20031 | Lair:5   | Received a gift from Trog
 20034 | Lair:5   | Mangled by a komodo dragon

Illustrated notes

Levels and vault maps discovered:
D:1:      dpeg_arrival_castle, layout_rooms, hellmonk_ecumenical_altar_blasted,
          minmay_gold_behind_fungi, minmay_tetromino_t4
D:2:      layout_basic, chequers_serial_rivers_small_b
D:3:      layout_loops_corners
D:4:      lemuel_castle_with_subvaults [lemuel_castle_interior_original],
          layout_basic
D:5:      layout_loops_ring, nicolae_overflow_crystal_walls,
          lemuel_temple_firewalk_b, gammafunk_ghost_nasty_kobolds,
          grunt_ministairs_13, serial_bayou_lagoon_b, uniq_sigmund
D:6:      layout_gridville, nicolae_overflow_quartered_altars
D:7:      layout_loops_ring, minmay_misc_feat_roman, uniq_crazy_yiuf_cottage,
          uniq_harold
D:8:      layout_loops_ring, dpeg_oklobed_lair, uniq_maurice
D:9:      layout_irregular_city, lemuel_round_altar, orc_0_dummy
D:10:     layout_irregular_city, serial_shops, nicolae_shop_waterfront,
          serial_column_ruins, column_ruins_hut_ruined, column_ruins_grid_1,
          column_ruins_grid_1, column_ruins_open_tiny, column_ruins_open_medium,
          column_ruins_columns_corner, column_ruins_open_small,
          column_ruins_open_tiny, bh_walls_and_bars, uniq_urug
Lair:1:   layout_cave_pods, serial_bayou_shore_a, lemuel_fruit_fields
Lair:2:   layout_cave_pods
Lair:3:   layout_cave_shapes, minmay_swamp_entry_worms,
          minmay_snake_entry_guardpost_large, infiniplex_staircase_pool
Lair:4:   layout_regular_city, st_stairs_8, ice2_lemuel
Lair:5:   layout_regular_city
Lair:6:   grunt_lair_end_beastmaster, layout_gridlike, slime_altar_2

Skill      XL: |  1  2  3  4  5  6  7  8  9 10 11 12 13 |
---------------+----------------------------------------+-----
Polearms       | 5 7 8 10 12 14 16 18 20 | 20.0
Armour         | 2 3 4 5 6 7 9 |  9.5
Fighting       | 4 5 6 7 9 |  9.5
Throwing       | 3 6 |  6.0
Dodging        | 3 6 7 10 | 10.0
Evocations     | 2 5 6 |  6.0

Action                   |  1- 3 |  4- 6 |  7- 9 | 10-12 | 13-15 || total
-------------------------+-------+-------+-------+-------+-------++-------
Melee: Spear             |   128 |   202 |       |       |       ||   330
       Tailslap          |     2 |       |    10 |     2 |       ||    14
       Halberd           |       |     2 |   418 |   437 |       ||   857
       Demon trident     |       |       |       |   102 |    18 ||   120
       Glaive            |       |       |       |   152 |   225 ||   377
Throw: Stone             |    20 |     6 |   103 |       |       ||   129
       Dart              |       |       |       |    45 |       ||    45
       Boomerang         |       |       |       |    52 |    22 ||    74
       Throwing net      |       |       |       |     2 |       ||     2
       Javelin           |       |       |       |     2 |       ||     2
Invok: Berserk           |       |     3 |     3 |     5 |     2 ||    13
       Trog's Hand       |       |       |     2 |     3 |     1 ||     6
       Brothers in Arms  |       |       |       |     1 |       ||     1
  Use: Scroll            |       |     2 |    15 |     4 |     3 ||    24
 Stab: Sleeping          |     1 |       |       |       |       ||     1
Armor: Animal skin       |     5 |       |       |       |       ||     5
       Leather armour    |     3 |       |       |       |       ||     3
       Ring mail         |       |    24 |       |       |       ||    24
       Chain mail        |       |    34 |   134 |    94 |       ||   262
       Plate armour      |       |       |       |   151 |    98 ||   249
Dodge: Dodged            |    33 |    68 |   130 |   175 |   122 ||   528
Block: Other             |       |       |    42 |    65 |       ||   107
       Reflection        |       |       |     3 |       |       ||     3

Table legend: (Time is in decaauts)
 A = Elapsed time spent in this place.
 B = Non-inter-level travel time spent in this place.
 C = Inter-level travel time spent in this place.
 D = Time resting spent in this place.
 E = Time spent auto-exploring this place.
 F = Levels seen in this place.
 G = Mean time per level.
                   A        B        C        D        E       F      G
               +--------+--------+--------+--------+--------+-----+--------+
         Total |  19597 |  18689 |    908 |   1900 |  13803 |  16 | 1224.8 |
       Dungeon |  12866 |  12132 |    734 |   1101 |   8803 |  10 | 1286.6 |
          Lair |   6730 |   6557 |    173 |    799 |   5000 |   6 | 1121.7 |
               +--------+--------+--------+--------+--------+-----+--------+

Top non-repeatable levels by time:
     D:4: 2033 daAuts
  Lair:4: 1864 daAuts
     D:3: 1840 daAuts
  Lair:2: 1540 daAuts
     D:6: 1392 daAuts
  Lair:5: 1317 daAuts
     D:9: 1274 daAuts
     D:8: 1244 daAuts
     D:5: 1195 daAuts
  Lair:1: 1164 daAuts
     D:7: 1109 daAuts
     D:2: 1027 daAuts
     D:1: 898 daAuts
    D:10: 849 daAuts
  Lair:3: 822 daAuts
